 Dungeon Crawl Stone Soup version 0.22.1-2-g9c5b331383 (webtiles) character file.

172 Gargoyl the Skirmisher (level 5, -8/46 HPs)
             Began as a Centaur Abyssal Knight on Jan 4, 2019.
             Was a Believer of Lugonu.
             Mangled by Crazy Yiuf
             ... wielding a +4 quarterstaff of chaos
              (15 damage)
             ... on level 2 of the Dungeon.
             The game lasted 00:03:53 (2545 turns).

Gargoyl the Skirmisher (Centaur Abyssal Knight)     Turns: 2545, Time: 00:03:53

Health: -8/46      AC: 12    Str: 14    XL:     5   Next: 27%
Magic:  7/7        EV:  1    Int: 11    God:    Lugonu [**....]
Gold:   88         SH:  3    Dex: 10    Spells: 4/4 levels left

rFire    . . .     SeeInvis .   a - +1 hand axe
rCold    . . .     Gourm    .   n - +0 buckler
rNeg     . . .     Faith    .   e - +0 plate armour
rPois    .         Spirit   .   d - +1 helmet
rElec    .         Reflect  .   b - +0 cloak
rCorr    .         Harm     .   (no gloves)
MR       .....                  (no barding)
Stlth    ..........             (no amulet)
HPRegen  0.15/turn              (no ring)
MPRegen  0.10/turn              (no ring)

@: very quick
A: large, hooves 3, deformed body, speed 2, tough skin 3
a: Depart the Abyss, Bend Space, Renounce Religion


You were on level 2 of the Dungeon.
You worshipped Lugonu.
Lugonu was pleased with you.
You were not hungry.

You visited 1 branch of the dungeon, and saw 2 of its levels.
You visited the Abyss 1 time.

You collected 88 gold pieces.

Inventory:

Hand Weapons
 a - a +1 hand axe (weapon)
Armour
 b - a +0 cloak (worn)
 d - a +1 helmet (worn)
 e - a +0 plate armour (worn)
 n - a +0 buckler (worn)
Scrolls
 f - a scroll of fog
 g - a scroll of teleportation {unknown}
 i - 3 scrolls of identify
 k - a scroll of magic mapping
 o - a scroll of enchant weapon {unknown}
Potions
 h - a potion of cancellation
 j - a potion of brilliance {unknown}
 l - a potion of ambrosia {unknown}
 m - a potion of heal wounds {unknown}
Comestibles
 c - 4 rations
 p - 2 chunks of flesh


   Skills:
 + Level 3.7 Fighting
 + Level 3.0 Axes
 * Level 2.4 Armour
 + Level 1.3 Dodging
 * Level 2.8 Invocations


You had 4 spell levels left.
You didn't know any spells.
Your spell library was empty.

Dungeon Overview and Level Annotations

Branches:
Dungeon (2/15)

Altars:
Nemelex Xobeh
Qazlal
Trog
Vehumet
Xom
Yredelemnul

Annotations:
D:2 Crazy Yiuf


Innate Abilities, Weirdness & Mutations

You have hooves in place of feet.
Armour fits poorly on your strangely shaped body.
You cover ground very quickly.
You have extremely tough skin. (AC +3)


Message History

Crazy Yiuf is almost dead.
Crazy Yiuf hits you with a quarterstaff of chaos.
Crazy Yiuf draws strength from your wounds!
You closely miss Crazy Yiuf.
Crazy Yiuf is heavily wounded.
Crazy Yiuf grits, "Seed alas hand!"
Crazy Yiuf hits you with a quarterstaff of chaos!
Crazy Yiuf freezes you.
Your plate armour prevents you from hitting Crazy Yiuf.
Crazy Yiuf is heavily wounded.
Crazy Yiuf hits you with a quarterstaff of chaos.
* * * LOW HITPOINT WARNING * * *
Crazy Yiuf burns you.
* * * LOW HITPOINT WARNING * * *
You hit Crazy Yiuf.
Crazy Yiuf is heavily wounded.
Crazy Yiuf hits you with a quarterstaff of chaos.
* * * LOW HITPOINT WARNING * * *
Space warps horribly around you!
You die...

####♣♣ *####
##...P♣ ♣♣#..)#
#....P♣♣♣♣♣.'g..#
#.@g....♣..♣#...#
#.#..P.♣.♣♣♣*####
#.###♣♣♣♣♣ # #.#
# #.# ###### #.#
#..... #.# #.....
#.# #####.... #.#
#........


You could see Crazy Yiuf.

Vanquished Creatures
  Jessica (D:2)
  Robin (D:2)
  A gnoll (D:1)
  7 adders (D:2)
  A white imp (Abyss:1)
  A worm (D:2)
  3 dart slugs
  A leopard gecko (D:1)
  5 bats
  3 giant cockroaches
  10 goblins
  2 hobgoblins (D:2)
  6 kobolds
  A quokka (D:2)
  2 ball pythons
  3 frilled lizards (D:2)
  4 rats
  A fungus (D:2)
53 creatures vanquished.

Vanquished Creatures (others)
  A fungus (D:2)
1 creature vanquished.

Grand Total: 54 creatures vanquished

Notes
Turn   | Place    | Note
-------+----------+-------------------------------------------
     0 | Abyss:1  | Gargoyl the Centaur Abyssal Knight began the quest for the
                  | Orb.
     0 | Abyss:1  | Reached XP level 1. HP: 19/19 MP: 2/2
   100 | Abyss:1  | Found a corrupted altar of Lugonu.
   154 | Abyss:1  | Found a corrupted altar of Lugonu.
   236 | Abyss:1  | Noticed a raiju
   298 | Abyss:1  | Noticed an apocalypse crab
   304 | D:1      | Escaped the Abyss
   306 | D:1      | Reached XP level 2. HP: 25/26 MP: 1/3
   490 | D:1      | Reached * piety under Lugonu
   750 | D:1      | Reached XP level 3. HP: 30/31 MP: 4/4
   760 | D:1      | Found a shimmering altar of Xom.
   771 | D:1      | Reached skill level 1 in Dodging
   773 | D:1      | Found a sacrificial altar of Ru.
   773 | D:1      | Found a radiant altar of Vehumet.
   775 | D:1      | Found a basalt altar of Yredelemnul.
   775 | D:1      | Found a sparkling altar of Nemelex Xobeh.
   775 | D:1      | Found a stormy altar of Qazlal.
  1273 | D:2      | Noticed Jessica
  1330 | D:2      | Noticed Robin
  1343 | D:2      | Killed Robin
  1343 | D:2      | Reached XP level 4. HP: 30/38 MP: 5/5
  1457 | D:2      | Reached ** piety under Lugonu
  2116 | D:2      | Reached XP level 5. HP: 41/46 MP: 7/7
  2235 | D:2      | Found a bloodstained altar of Trog.
  2275 | D:2      | Killed Jessica
  2403 | D:2      | Found a runed door.
  2407 | D:2      | Noticed Crazy Yiuf
  2545 | D:2      | Mangled by Crazy Yiuf

Skill      XL: |  1  2  3  4  5 |
---------------+----------------+-----
Axes           | 2 3 |  3.0
Dodging        | 1 |  1.3
Armour         | 2 |  2.4
Fighting       | |  3.7
Invocations    | |  2.8

Action                   |  1- 3 |  4- 6 || total
-------------------------+-------+-------++-------
Melee: Hand axe          |    76 |    98 ||   174
       Kick              |    13 |    17 ||    30
Invok: Depart the Abyss  |     1 |       ||     1
  Use: Scroll            |     8 |       ||     8
  Eat: Chunk             |       |     4 ||     4
Armor: Leather armour    |     4 |       ||     4
       Plate armour      |    76 |    60 ||   136
Dodge: Dodged            |    11 |    10 ||    21
Block: Buckler           |       |     7 ||     7
